 Dungeon Crawl Stone Soup version 0.30-a0-702-gdf48620a09 (webtiles) character file.

Game seed: 10022060618648565503

7300 Darius099 the Grappler (level 10, -10/116 HPs)
             Began as a Troll Berserker on Jan 22, 2023.
             Was a Priest of Trog.
             Mangled by an acid dragon (15 damage)
             ... on level 9 of the Dungeon.
             The game lasted 00:15:10 (7044 turns).

Darius099 the Grappler (Troll Berserker)            Turns: 7044, Time: 00:15:10

Health: -10/116    AC:  0    Str: 29    XL:     10   Next: 90%
Magic:  9/9        EV: 22    Int:  3    God:    Trog [***...]
Gold:   520        SH:  0    Dex: 11    Spells: 9/9 levels left

rFire   . . .      SeeInvis .      - Unarmed
rCold   . . .      Faith    .    (no shield)
rNeg    . . .      Spirit   .    g - +0 robe
rPois   .          Reflect  .    (helmet restricted)
rElec   .          Harm     .    (no cloak)
rCorr   .          Rampage  .    (gloves unavailable)
Will    .....                    (boots unavailable)
Stlth   +                        (no amulet)
HPRegen 1.19/turn                B - +5 ring of evasion
MPRegen 0.11/turn                u - +5 ring of evasion

@: corroded, on berserk cooldown, slowed, very slow
A: large, unfitting armour, claws 3, regeneration 1, shaggy fur 1, tough skin 1,
robust 1, sturdy frame 1
a: Renounce Religion, Berserk, Trog's Hand


You were on level 9 of the Dungeon.
You worshipped Trog.
Trog was most pleased with you.
You visited 1 branch of the dungeon, and saw 9 of its levels.

You collected 520 gold pieces.

Inventory:

Missiles
 o - a throwing net
Armour
 g - a +0 robe (worn)
Jewellery
 l - a ring of positive energy
 s - a ring of ice
 u - a +5 ring of evasion (right claw)
 w - a ring of flight
 x - a ring of willpower
 z - a ring of fire
 B - a +5 ring of evasion (left claw)
Wands
 m - a wand of light (9)
Scrolls
 a - 3 scrolls of enchant weapon
 e - a scroll of amnesia {unknown}
 f - a scroll of fog {unknown}
 h - a scroll of poison {unknown}
 i - 3 scrolls of fear
 j - 3 scrolls of vulnerability {unknown}
 p - a scroll of noise {unknown}
 q - a scroll of brand weapon {unknown}
 t - 3 scrolls of identify
 v - a scroll of silence {unknown}
 y - a scroll of summoning {unknown}
Potions
 b - 7 potions of curing
 c - 3 potions of heal wounds (quivered)
 d - 2 potions of cancellation {unknown}
 k - a potion of ambrosia {unknown}
 n - a potion of resistance
 r - 2 potions of degeneration {unknown}
 A - a potion of might {unknown}
 C - 3 potions of flight {unknown}
 D - a potion of brilliance {unknown}


   Skills:
 + Level 8.6 Fighting
 + Level 8.6 Dodging
 + Level 10.3 Unarmed Combat


You had 9 spell levels left.
You didn't know any spells.
Your spell library was empty.

Dungeon Overview and Level Annotations

Branches:
Dungeon (9/15)             Temple (0/1) D:6
   Lair: D:8-11         Orc: D:9-12

Altars:
Ashenzari
Dithmenos
Makhleb
Nemelex Xobeh
Vehumet
Wu Jian
The Shining One

Shops:
D:1 ([[   D:3 (


Innate Abilities, Weirdness & Mutations

You are too large for most types of armour.
You have claws for hands.
Your natural rate of healing is unusually fast.
You are covered in fur. (AC +1)
You have tough skin. (AC +1)
You are robust. (+10% HP)
Your movements are slightly less encumbered by armour. (ER -2)


Message History

The centaur warrior kicks you.
You claw the centaur warrior!
The centaur warrior is moderately wounded.
The gnoll sergeant hits you with a +0 spear!
The acid dragon roars!
You mangle the centaur warrior!!
The centaur warrior is almost dead.
You hear a bellow!
You hear a shout!
The centaur warrior completely misses you.
The centaur warrior misses you.
You mangle the centaur warrior!!
You kill the centaur warrior!
Trog accepts your kill. The gnoll sergeant misses you.
You claw the gnoll sergeant!
The gnoll sergeant is heavily wounded.
You eviscerate the gnoll sergeant!!!
You kill the gnoll sergeant!
Trog accepts your kill. The acid dragon spits acid at you.
The splash of acid hits you!!
* * * LOW HITPOINT WARNING * * *
The acid corrodes you!
You hear a horrible gurgling sound!
Items here: ( ) [ †.
You feel a strong urge to attack something.
A troll comes into view.
The troll shouts!
A yak comes into view.
Items here: ( ) [ †.
You feel your anger nearly subside.
You are no longer berserk.
You are exhausted.
You feel yourself slow down.
The yak bellows!
You closely miss the acid dragon. Your claw misses the acid dragon.
The acid dragon spits acid at you. The splash of acid hits you!!
* * * LOW HITPOINT WARNING * * *
The acid dragon bites you!
You die...

############
##.>........##
#......†.....#.
#.....<........
#..............
##..))......#..
#<.@......## #
#..D.....##
#.......##
########..T...##
.........†...##
###..).Y.####
##..###).##
####..###)...###
.......)..........


You could see a yak, a troll and an acid dragon (catching breath).

Vanquished Creatures
  A hydra (D:9)
  2 centaur warriors (D:9)
  2 ugly things (D:9)
  A manticore (D:9)
  A hornet (D:7)
  A wyvern (D:8)
  5 yaks
  A steam dragon (D:6)
  2 orc warriors
  An ogre (D:6)
  A phantom (D:7)
  3 centaurs
  7 bullfrogs
  A gnoll sergeant (D:9)
  A necrophage (D:6)
  2 scorpions
  11 wights
  A howler monkey (D:5)
  4 jellies
  4 orc priests
  2 gnoll boudas
  5 hounds
  3 iguanas
  4 orc wizards
  Robin (D:3)
  8 gnolls
  7 adders
  5 white imps
  An ufetubus (D:6)
  3 dart slugs
  19 orcs
  10 bats
  17 endoplasms
  4 giant cockroaches
  13 goblins
  7 hobgoblins
  8 quokkas
  7 ball pythons
  7 frilled lizards
  16 kobolds
  5 rats
204 creatures vanquished.

Vanquished Creatures (collateral kills)
  The ghost of zinnoa the Covert, a novice FeEn of Yredelemnul (D:8)
  A water moccasin (D:9)
  An orc warrior (D:7)
  2 orc priests (D:7)
  An orc wizard (D:9)
  An orc (D:7)
7 creatures vanquished.

Vanquished Creatures (others)
  A plant (D:2)
  11 toadstools (D:3)
12 creatures vanquished.

Grand Total: 223 creatures vanquished

Notes
Turn   | Place    | Note
-------+----------+-------------------------------------------
     0 | D:1      | Darius099 the Troll Berserker began the quest for the Orb.
     0 | D:1      | Reached XP level 1. HP: 22/22 MP: 0/0
    76 | D:1      | Found a faded altar of an unknown god.
   178 | D:1      | Found Duhodi's Antique Armour Shoppe.
   186 | D:1      | Reached XP level 2. HP: 29/29 MP: 1/1
   209 | D:1      | Found Wamiogh's Antique Armour Emporium.
   438 | D:1      | Reached ** piety under Trog
   445 | D:1      | Found Komyi's Antique Weapon Shop.
   788 | D:2      | Reached XP level 3. HP: 36/36 MP: 2/2
   801 | D:2      | Found a broken altar of Ashenzari.
  1719 | D:3      | Noticed Robin
  1724 | D:3      | Reached XP level 4. HP: 27/45 MP: 3/3
  1750 | D:3      | Killed Robin
  1753 | D:3      | Reached skill level 4 in Unarmed Combat
  1869 | D:3      | Reached *** piety under Trog
  1928 | D:3      | You fall into a shaft and drop 3 floors!
  1930 | D:5      | Entered Level 5 of the Dungeon
  1992 | D:5      | Reached XP level 5. HP: 53/53 MP: 4/4
  2057 | D:5      | Noticed a yak
  2162 | D:5      | Killed a yak
  2163 | D:5      | Reached XP level 6. HP: 8/62 MP: 5/5
  2268 | D:3      | Found Ojuecov's Weapon Emporium.
  2402 | D:3      | Found a sparkling altar of Nemelex Xobeh.
  2887 | D:4      | Reached skill level 5 in Unarmed Combat
  2983 | D:4      | Found a shadowy altar of Dithmenos.
  2983 | D:4      | Found a glowing golden altar of the Shining One.
  2983 | D:4      | Found an ornate altar of the Wu Jian Council.
  3148 | D:4      | Reached XP level 7. HP: 18/70 MP: 6/6
  3237 | D:4      | Reached **** piety under Trog
  3564 | D:4      | Found a broken altar of Ashenzari.
  3695 | D:4      | Gained mutation: Your body sometimes deteriorates upon
                  | taking damage. [potion of mutation]
  3958 | D:5      | Lost mutation: Your body sometimes deteriorates upon taking
                  | damage. [potion of mutation]
  3958 | D:5      | Gained mutation: You have a beak for a mouth. [potion of
                  | mutation]
  3958 | D:5      | Gained mutation: Your muscles are strong. (Str +4, Int/Dex
                  | -1) [potion of mutation]
  3958 | D:5      | Gained mutation: You are frail. (-10% HP) [potion of
                  | mutation]
  4004 | D:5      | Noticed a yak
  4006 | D:5      | Noticed a yak
  4006 | D:5      | Noticed a yak
  4017 | D:5      | Killed a yak
  4018 | D:5      | Reached skill level 5 in Dodging
  4018 | D:5      | Reached skill level 6 in Unarmed Combat
  4019 | D:5      | Killed a yak
  4020 | D:5      | Reached skill level 5 in Fighting
  4020 | D:5      | Reached XP level 8. HP: 32/72 MP: 7/7
  4124 | D:5      | Found a radiant altar of Vehumet.
  4490 | D:6      | Lost mutation: You are frail. (-10% HP) [potion of
                  | mutation]
  4490 | D:6      | Lost mutation: You have a beak for a mouth. [potion of
                  | mutation]
  4490 | D:6      | Lost mutation: Your muscles are strong. (Str +4, Int/Dex
                  | -1) [potion of mutation]
  4490 | D:6      | Gained mutation: You are robust. (+10% HP) [potion of
                  | mutation]
  4490 | D:6      | Gained mutation: Your movements are slightly less
                  | encumbered by armour. (ER -2) [potion of mutation]
  4546 | D:6      | Reached skill level 7 in Unarmed Combat
  4924 | D:6      | Found a staircase to the Ecumenical Temple.
  5113 | D:7      | Reached XP level 9. HP: 65/97 MP: 8/8
  5231 | D:7      | Identified the +5 short sword of World Downfall {freeze,
                  | Str-4 Int+4}
  5343 | D:7      | Reached skill level 8 in Unarmed Combat
  5432 | D:7      | Found a burning altar of Makhleb.
  5847 | D:8      | Noticed zinnoa's ghost (novice FeEn)
  5851 | D:8      | Found a runed translucent door.
  6822 | D:8      | Killed zinnoa's ghost
  6823 | D:8      | Reached skill level 9 in Unarmed Combat
  6823 | D:8      | Reached XP level 10. HP: 15/112 MP: 9/9
  6922 | D:9      | Noticed a red ugly thing
  6932 | D:9      | Killed a red ugly thing
  6952 | D:9      | Noticed a manticore
  6958 | D:9      | Killed a manticore
  6960 | D:9      | Noticed a red ugly thing
  6972 | D:9      | Noticed a centaur warrior
  6982 | D:9      | Killed a centaur warrior
  6987 | D:9      | Killed a red ugly thing
  7014 | D:9      | Noticed a centaur warrior
  7019 | D:9      | Noticed a five-headed hydra
  7031 | D:9      | Killed a six-headed hydra
  7032 | D:9      | Reached skill level 10 in Unarmed Combat
  7037 | D:9      | Killed a centaur warrior
  7044 | D:9      | HP: 5/116 [acid dragon/splash of acid (24)]
  7044 | D:9      | Mangled by an acid dragon

Illustrated notes

Levels and vault maps discovered:
D:1:      lightli_arrival_noodles, layout_basic, serial_shops,
          nicolae_shop_stone, shop, nicolae_shop_waterfront,
          hellmonk_ecumenical_altar_arch_garden, minivault_4
D:2:      layout_loops_cross, basic_altar, chequers_big_river, minmay_puff
D:3:      cheibrodos_fertilizer, layout_basic, nemelex_diamond_rough_becter,
          serial_shops, nicolae_shop_advertising_works
          [nicolae_subvault_shop_adworks], uniq_robin
D:4:      layout_basic, gammafunk_temple_overflow_claw, evilmike_ruin_ashenzari,
          serial_curves, eino_curves_01, eino_curves_02
D:5:      layout_basic, lemuel_doored_altar
D:6:      layout_basic, minmay_temple_entry_hall
D:7:      layout_basic, amcnicky_altar_gilded
D:8:      layout_basic, hellmonk_ghost_happy_afterlife
D:9:      minmay_the_grid_square_5x5_3x3 [minmay_the_grid_square_5x5_shrine2,
          minmay_the_grid_square_5x5_checkered,
          minmay_the_grid_square_5x5_eight,
          minmay_the_grid_square_5x5_pentomino_r,
          minmay_the_grid_square_5x5_megaprize_open,
          minmay_the_grid_square_5x5_inset, minmay_the_grid_square_5x5_minibox,
          minmay_the_grid_square_5x5_moneybag,
          minmay_the_grid_square_5x5_checkered_sparse], layout_cave_pods,
          mainiacjoe_overflow_alcove_4, nicolae_yredelemnul_corpse_copse,
          serial_column_ruins, column_ruins_corridor_water,
          column_ruins_open_small, column_ruins_columns_straight,
          column_ruins_corridor_straight, column_ruins_grid_1,
          minmay_fractal_squares_diagonal_5

Skill      XL: |  1  2  3  4  5  6  7  8  9 10 |
---------------+-------------------------------+-----
Fighting       | 3 4 5 6 7 8 |  8.6
Dodging        | 3 4 5 6 7 8 |  8.6
Unarmed Combat | 4 5 6 7 9 10 | 10.3

Action                   |  1- 3 |  4- 6 |  7- 9 | 10-12 || total
-------------------------+-------+-------+-------+-------++-------
Melee: Unarmed           |   101 |   144 |   329 |    46 ||   620
       Punch             |     2 |     4 |    13 |     4 ||    23
       Peck              |       |       |     9 |       ||     9
Invok: Berserk           |       |     2 |     4 |     2 ||     8
       Trog's Hand       |       |     1 |     1 |     1 ||     3
       Brothers in Arms  |       |       |     2 |     2 ||     4
  Use: Scroll            |       |     3 |     3 |       ||     6
       Potion            |       |       |     3 |       ||     3
 Stab: Sleeping          |       |     3 |     2 |       ||     5
Armor: Animal skin       |    16 |       |       |       ||    16
       Robe              |    13 |    51 |    38 |     6 ||   108
Dodge: Dodged            |    58 |    76 |   160 |    53 ||   347

Table legend: (Time is in decaauts)
 A = Elapsed time spent in this place.
 B = Non-inter-level travel time spent in this place.
 C = Inter-level travel time spent in this place.
 D = Time resting spent in this place.
 E = Time spent auto-exploring this place.
 F = Levels seen in this place.
 G = Mean time per level.
                   A        B        C        D        E       F      G
               +--------+--------+--------+--------+--------+-----+--------+
         Total |   7021 |   6889 |    132 |    402 |   4894 |   9 |  780.1 |
       Dungeon |   7021 |   6889 |    132 |    402 |   4894 |   9 |  780.1 |
               +--------+--------+--------+--------+--------+-----+--------+

Top non-repeatable levels by time:
     D:8: 1056 daAuts
     D:2: 975 daAuts
     D:5: 885 daAuts
     D:4: 853 daAuts
     D:3: 832 daAuts
     D:7: 797 daAuts
     D:6: 764 daAuts
     D:1: 733 daAuts
     D:9: 122 daAuts
